 Dungeon Crawl Stone Soup version 0.13-a0-2382-gbc6a47d (webtiles) character file.

185 JogiH the Magician (level 4, -6/38 HPs)
             Began as a Djinni Wizard on July 14, 2013.
             Mangled by an orc wizard
             ... wielding a +1,+4 dagger
              (7 damage)
             ... on Level 2 of the Dungeon.
             The game lasted 00:10:15 (2725 turns).

JogiH the Magician (Djinni Wizard)                  Turns: 2725, Time: 00:10:15

HP  -6/38        AC  2     Str  7      XL: 4   Next: 13%
MP   0/0         EV 12     Int 20      God:
Gold 108         SH  0     Dex 11      Spells:  3 memorised,  8 levels left

Res.Fire  : + + +   See Invis. : +   f - +0 dagger (venom)
Res.Cold  : . . .   Warding    : .   a - +0 robe
Life Prot.: + + +   Conserve   : .   (no shield)
Res.Poison: +       Res.Corr.  : .   b - +0 wizard hat
Res.Elec. : +       Clarity    : .   (no cloak)
Sust.Abil.: . .     Spirit.Shd : .   (no gloves)
Res.Mut.  : .       Stasis     : .   (boots unavailable)
Res.Rott. : .       Flight     : .   g - amulet of faith {unknown}
Saprovore : . . .                    (no ring)
                                     e - ring of see invisible

@: confused, very slightly contaminated, slightly resistant to hostile
enchantments, very unstealthy
A: no striking features
a: no special abilities


You were on level 2 of the Dungeon.
You were not hungry.

You visited 1 branch of the dungeon, and saw 3 of its levels.

You collected 88 gold pieces.

Inventory:

Hand weapons
 f - a +0,+0 dagger of venom (weapon)
Armour
 a - a +0 robe (worn)
 b - a +0 wizard hat (worn)
Scrolls
 h - a scroll of enchant weapon I {unknown}
 i - a scroll of remove curse
Jewellery
 e - a ring of see invisible (left hand)
 g - an amulet of faith (around neck) {unknown}
Potions
 j - a potion of might {unknown}
Books
 c - a book of Minor Magic

   Spells                             Type                      Level
   *Magic Dart                        Conjuration                  1
   *Blink                             Translocation                2
   *Call Imp                          Summoning                    2
   Repel Missiles                     Charms/Air                   2
   Slow                               Hexes                        2
   Conjure Flame                      Conjuration/Fire             3
   Mephitic Cloud                     Conjuration/Poison/Air       3


   Skills:
 - Level 1.7 Dodging
 - Level 1.5 Stealth
 + Level 5.1 Spellcasting
 * Level 2.6 Conjurations
 - Level 1.0 Summonings
 - Level 1.0 Translocations


You had 8 spell levels left.
You knew the following spells:

 Your Spells              Type           Power        Failure   Level  Hunger
a - Magic Dart            Conj           ###.         4%          1    None
b - Blink                 Tloc           N/A          14%         2    None
c - Call Imp              Summ           #.........   14%         2    None


Dungeon Overview and Level Annotations

Branches:
Dungeon (3/27)

Altars:

Annotations
D:2 Sigmund


Message History

Your crimson imp completely misses the orc.
In your confused state, you trip and fall back down the stairs.
* * * LOW HITPOINT WARNING * * *
The orc wizard barely misses you.
Your crimson imp hits the orc but does no damage.
The orc wizard gestures at you while chanting.
You resist.
Your crimson imp hits the orc but does no damage.
You climb upwards.
Level annotation: Sigmund
There is a stone staircase leading down here.
You barely miss the orc wizard.
The orc wizard is severely wounded.
The orc wizard hits you with a glowing dagger.
* * * LOW HITPOINT WARNING * * *
Drink which item? (? for menu, Esc to quit)
You feel protected.
It was a potion of resistance.
The orc wizard hits you with a glowing dagger!
You die...

######.# #....##.# #.# #.#.## #
#.#######....##.###.# #.#.## #
#...................###.#.## #
###########..##......##.#.## #
#.....................#.#'## #
#.#########..##.......#..... #
#.# #........########.......
######.###........#####..........
................@o...............
######.###......#######.....#....
.....#.#............# #.....#....
.....#.#....###.....# #(....#####
.....#.#....# #.....# #.....#
....%#.#....# #.....# #######
###.##.#....# #######
....##.###### ###############
######.# #.............#


You could see an orc wizard (invisible).

Vanquished Creatures
  An adder (D:2)
  2 giant geckos (D:2)
  2 oozes (D:2)
  A ball python (D:1)
  A giant cockroach (D:2)
  3 goblins (D:1)
  3 hobgoblins
  5 jackals
  A quokka (D:3)
  2 bats
  2 giant newts
  7 kobolds
  6 rats
36 creatures vanquished.

Vanquished Creatures (collateral kills)
  Ijyb (D:2)
  2 adders
  A worm (D:2)
  3 jackals (D:2)
  2 kobolds (D:3)
9 creatures vanquished.

Vanquished Creatures (others)
  A shadow imp (D:3)
  A white imp (D:3)
  A kobold (D:2)
  A giant newt (D:2)
4 creatures vanquished.

Grand Total: 49 creatures vanquished

Notes
Turn   | Place    | Note
--------------------------------------------------------------
     0 | D:1      | JogiH, the Djinni Wizard, began the quest for the Orb.
     0 | D:1      | Reached XP level 1. HP: 14/14 MP: 0/0
   250 | D:1      | Reached skill level 4 in Spellcasting
   281 | D:1      | Reached XP level 2. EP: 19/23
   312 | D:1      | Learned a level 2 spell: Blink
   315 | D:1      | Learned a level 2 spell: Call Imp
   945 | D:2      | Reached XP level 3. EP: 7/29
  1687 | D:2      | Noticed Ijyb
  1728 | D:2      | Killed Ijyb
  1728 | D:2      | Reached skill level 5 in Spellcasting
  2199 | D:2      | Noticed Sigmund
  2367 | D:2      | Reached XP level 4. EP: 28/38
  2724 | D:2      | HP: 1/38 [orc wizard/glowing dagger (3)]
  2725 | D:2      | Mangled by an orc wizard

Action                   |  1- 3 |  4- 6 || total
-------------------------+-------+-------++-------
Melee: Dagger            |    32 |    19 ||    51
 Cast: Magic Dart        |    64 |     5 ||    69
       Call Imp          |    16 |     5 ||    21
  Use: Scroll            |     3 |       ||     3
       Potion            |       |     1 ||     1
